 Dungeon Crawl Stone Soup version 0.26.0-45-g9c1d065592 (webtiles) character file.

Game seed: 2913864545039395959

665 kaeus the Sneak (level 7, -5/49 HPs)
             Began as an Octopode Fighter on Jan 29, 2021.
             Killed from afar by an orc wizard (10 damage)
             ... with a magic dart
             ... on level 5 of the Dungeon.
             The game lasted 00:03:57 (4942 turns).

kaeus the Sneak (Octopode Fighter)                  Turns: 4942, Time: 00:03:57

Health: -5/49      AC:  1    Str: 14 (15) XL:     7   Next: 57%
Magic:  9/9        EV: 12    Int: 11      God:
Gold:   166        SH:  9    Dex: 10 (13) Spells: 9/9 levels left

rFire    . . .     SeeInvis .   a - +0 rapier
rCold    . . .     Faith    .   b - +0 kite shield
rNeg     . . .     Spirit   .   (helmet restricted)
rPois    .         Reflect  .   (no amulet)
rElec    .         Harm     .   (no ring)
rCorr    .         Rampage  .   (no ring)
Will     .....                  (no ring)
Stlth    ++++......             (no ring)
HPRegen  0.16/turn              (no ring)
MPRegen  0.11/turn              (no ring)
                                (no ring)
                                (no ring)

@: hasted (expiring), very quick
A: almost no armour, stealthy swim, amphibious, 8 rings, constrict 8, tentacle
spike 1, camouflage 1, wild magic 1, gelatinous body 1
a: no special abilities


You were on level 5 of the Dungeon.
You visited 1 branch of the dungeon, and saw 5 of its levels.

You collected 166 gold pieces.

Inventory:

Hand Weapons
 a - a +0 rapier (weapon)
Missiles
 g - 2 curare-tipped darts
 j - 12 poisoned darts
Armour
 b - a +0 kite shield (worn)
Scrolls
 d - 3 scrolls of remove curse {unknown}
 e - a scroll of immolation {unknown}
 f - 4 scrolls of teleportation {unknown}
 h - a scroll of blinking {unknown}
 k - a scroll of enchant weapon {unknown}
 l - 5 scrolls of identify {unknown}
Potions
 c - 2 potions of might
 i - a potion of degeneration
 m - a potion of haste
 n - a potion of brilliance {unknown}
 p - a potion of berserk rage {unknown}
 q - a potion of mutation
 r - a potion of invisibility {unknown}


   Skills:
 + Level 4.3 Fighting
 + Level 3.6 Short Blades
 + Level 4.3 Dodging
 * Level 5.8 Stealth
 + Level 4.4 Shields
 + Level 1.7 Spellcasting


You had 9 spell levels left.
You didn't know any spells.
Your spell library was empty.

Dungeon Overview and Level Annotations

Branches:
Dungeon (5/15)
 Temple: D:4-7

Altars:
Elyvilon
Kikubaaqudgha
Qazlal
Trog


Innate Abilities, Weirdness & Mutations

You cannot wear most types of armour.
You are very stealthy in the water. (Stealth+)
You are amphibious.
You can wear up to eight rings at the same time.
You can use your tentacles to constrict eight enemies at once.
Your skin changes colour to match your surroundings (Stealth+).
Your rubbery body absorbs attacks. (AC +1, EV +1)
One of your tentacles bears a spike.
Your spells are a little harder to cast, but a little more powerful.


Message History

You miss something.
You hear some strange, mumbled words.
A puff of flame appears from out of thin air!
The puff of flame hits you.
* * * LOW HITPOINT WARNING * * *
You take 3 damage, and have 7/73 hp.
You hit something.
You hear some strange, mumbled words.
A magic dart appears from out of thin air!
The magic dart hits you but does no damage.
You hit something.
You hear some strange, mumbled words.
A puff of frost appears from out of thin air!
You block the puff of frost.
You miss something.
You feel less wooden.
You hear some strange, mumbled words.
A magic dart appears from out of thin air!
The magic dart hits you!
You die...

.## ... ..# #.#
##.## .o. #{#
#@## ##.######
#..# #.......#
##.## ####.#
#))#
#<...#.....#.##
####.##....#..#
#...#....##.##
#.P.##.## #..#
#...##. ##.#


You could see an orc.

Vanquished Creatures
  Menkaure (D:5)
  A howler monkey (D:5)
  2 orc priests (D:4)
  2 hounds
  5 orc wizards
  A worker ant (D:5)
  6 adders
  A shadow imp (D:5)
  A white imp (D:5)
  2 oozes
  An adder skeleton (D:4)
  4 worms
  5 dart slugs
  6 leopard geckos
  17 orcs
  4 ball pythons
  6 giant cockroaches
  10 goblins
  16 hobgoblins
  7 jackals
  6 quokkas
  7 bats
  6 frilled lizards
  A jackal skeleton (D:4)
  9 kobolds
  7 rats
134 creatures vanquished.

Notes
Turn   | Place    | Note
-------+----------+-------------------------------------------
     0 | D:1      | kaeus the Octopode Fighter began the quest for the Orb.
     0 | D:1      | Reached XP level 1. HP: 16/16 MP: 1/1
    42 | D:1      | Reached skill level 1 in Stealth
    73 | D:1      | Reached XP level 2. HP: 11/21 MP: 2/2
   364 | D:1      | Reached XP level 3. HP: 26/26 MP: 3/3
   387 | D:1      | Reached skill level 2 in Stealth
   990 | D:2      | Reached XP level 4. HP: 10/31 MP: 4/4
  1549 | D:2      | Found an ancient bone altar of Kikubaaqudgha.
  1713 | D:2      | Reached skill level 3 in Stealth
  2839 | D:3      | Reached XP level 5. HP: 36/36 MP: 5/5
  3464 | D:3      | Found a stormy altar of Qazlal.
  3561 | D:3      | Reached skill level 4 in Stealth
  3798 | D:4      | Found a bloodstained altar of Trog.
  3813 | D:4      | Reached XP level 6. HP: 39/43 MP: 6/6
  4224 | D:4      | Reached skill level 1 in Spellcasting
  4676 | D:5      | Entered Level 5 of the Dungeon
  4682 | D:5      | Found a white marble altar of Elyvilon.
  4694 | D:5      | Reached skill level 5 in Stealth
  4694 | D:5      | Reached XP level 7. HP: 27/48 MP: 8/8
  4884 | D:5      | Noticed Menkaure
  4889 | D:5      | Gained mutation: Your spells are a little harder to cast,
                  | but a little more powerful. [potion of mutation]
  4889 | D:5      | Gained mutation: One of your tentacles bears a spike.
                  | [potion of mutation]
  4893 | D:5      | Killed Menkaure
  4942 | D:5      | Killed from afar by an orc wizard

Illustrated notes

Levels and vault maps discovered:
D:1:      saegor_arrival_simple_e, layout_rooms, st_stairs_7
D:2:      layout_basic, lemuel_round_altar, serial_glass, glass_columns_a,
          glass_columns_a
D:3:      layout_loops_corners, lemuel_crystal_altar
D:4:      layout_cave_pods, trog_hazing_becter
D:5:      layout_basic, overflow_temple_1_default, elyvilon_altar_1,
          makhleb_blood_cavern_becter, amethyst_overflow_temple_binary,
          serial_shops, nicolae_shop_window_shopping, nicolae_shop_statue_plus,
          nicolae_shop_statue_plus, uniq_menkaure, uniq_sigmund

Skill      XL: |  1  2  3  4  5  6 |
---------------+-------------------+-----
Stealth        | 1 2 3 4 5 |  5.8
Short Blades   | 3 |  3.6
Dodging        | 4 |  4.3
Shields        | 4 |  4.4
Spellcasting   | 1 |  1.7
Fighting       | 4 |  4.3

Action                   |  1- 3 |  4- 6 |  7- 9 || total
-------------------------+-------+-------+-------++-------
Melee: Rapier            |    51 |   157 |    78 ||   286
       Constrict         |    12 |    41 |    10 ||    63
       Tentacles         |     5 |    24 |     8 ||    37
Throw: Dart              |    12 |       |       ||    12
  Use: Potion            |       |       |     4 ||     4
 Stab: Sleeping          |     8 |    23 |       ||    31
       Distracted        |       |     1 |       ||     1
Armor: Skin              |     2 |    11 |    18 ||    31
Dodge: Dodged            |    22 |    54 |    13 ||    89
Block: Kite shield       |    15 |    69 |    15 ||    99
